 Dungeon Crawl Stone Soup version 0.18-a0-1639-g7533f42 (webtiles) character file.

98 dohliylev the Stinger (level 4, -10/24 HPs)
             Began as a Gargoyle Venom Mage on Mar 27, 2016.
             Killed by nerve-wracking pain
             ... invoked by Grinder
              (14 damage)
             ... while paralysed by Grinder
             ... on level 3 of the Dungeon.
             The game lasted 00:13:47 (2010 turns).

dohliylev the Stinger (Gargoyle Venom Mage)         Turns: 2010, Time: 00:13:48

Health: -10/24     AC:  6    Str: 11    XL:     4   Next: 71%
Magic:  5/8        EV:  2    Int: 17    God:
Gold:   119        SH:  0    Dex: 10    Spells: 2 memorised, 5 levels left

rFire  . . .     SeeInvis .     r - +0 club
rCold  . . .     Gourm    .     a - +0 robe
rNeg   + . .     Faith    .     (no shield)
rPois  ∞         Spirit   .     (no helmet)
rElec  +         Dismiss  .     (no cloak)
rCorr  .         Reflect  .     (no gloves)
SustAt .         Harm     .     o - +0 pair of boots
MR     .....                    (no amulet)
Stlth  ++........               (no ring)
                                (no ring)

@: paralysed, not resistant to hostile enchantments, unstealthy
A: negative energy resistance 1, electricity resistance, unbreathing,
petrification resistance, rot immunity, AC +3
a: no special abilities


You were on level 3 of the Dungeon.
You were not hungry.

You visited 1 branch of the dungeon, and saw 3 of its levels.

You collected 119 gold pieces.

Inventory:

Hand Weapons
 r - a +0 club (weapon)
Armour
 a - a +0 robe (worn)
 f - a +0 cloak
 o - a +0 pair of boots (worn)
 q - a +2 helmet
Wands
 n - a wand of digging (18/24)
Scrolls
 e - a scroll of recharging {unknown}
 g - a scroll of teleportation {unknown}
 h - 6 scrolls of identify {unknown}
 k - 2 scrolls of blinking {unknown}
Potions
 j - a potion of ambrosia {unknown}
 l - 2 potions of curing {unknown}
 m - a potion of degeneration {unknown}
 p - a potion of beneficial mutation {unknown}
Books
 b - a Young Poisoner's Handbook

   Spells                             Type                      Level
   a - Sting                          Conjuration/Poison           1
   b - Cure Poison                    Poison                       2
   c - Mephitic Cloud                 Conjuration/Poison/Air       3
   d - Olgreb's Toxic Radiance        Poison                       4
   e - Venom Bolt                     Conjuration/Poison           5
Comestibles
 c - 4 bread rations
 d - 2 beef jerkies
 i - 4 meat rations
 s - a chunk of flesh


   Skills:
 - Level 0.2 Fighting
 - Level 1.5 Dodging
 - Level 2.1 Stealth
 * Level 3.1 Spellcasting
 + Level 0.9 Conjurations
 + Level 5.0 Poison Magic


You had 5 spell levels left.
You knew the following spells:

 Your Spells              Type           Power        Failure   Level  Hunger
a - Sting                 Conj/Pois      ##..         6%          1    None
b - Mephitic Cloud        Conj/Pois/Air  #.......     24%         3    ###....


Dungeon Overview and Level Annotations

Branches:
Dungeon (3/15)

Altars:
Elyvilon
Gozag
Nemelex Xobeh
Okawaru
Trog
Xom

Annotations:
D:3 Grinder


Innate Abilities, Weirdness & Mutations

You are resistant to torment.
Your stone body is resilient (AC +3).
You are immune to poison.
You resist negative energy.
You are resistant to electric shocks.
You can survive without breathing.
You are immune to petrification.
You are immune to rotting.


Message History

Casting: Sting
Confirm with . or Enter, or press ? or * to list all spells.
Aiming: Sting
Press: ? - help, Shift-Dir - straight line, f/p - Grinder
Aim: Grinder The sting hits Grinder.
Grinder completely resists.
Grinder gestures at you.
You suddenly lose the ability to move!
Grinder hits you but does no damage. Grinder gestures at you.
Pain shoots through your body!
Ouch! That really hurt!
Grinder gestures at you. Pain shoots through your body! Grinder hits you.
* * * LOW HITPOINT WARNING * * *
Grinder gestures at you. Pain shoots through your body!
Ouch! That really hurt!
You die...

########
#......#
#####.####.#
#.......##.#####
#.###.#...@5...#
#.#
..#..#$......#
#.#
.....#..##.#.#
#.#.........# #
#.##.##.###.#
#..>....# .#
#.......# .#
#.#...#.# ..
#÷.###..#


You could see Grinder.

Vanquished Creatures
  An orc priest (D:3)
  A worker ant zombie (D:3)
  2 oozes
  A worm (D:2)
  2 giant geckos
  2 orcs (D:3)
  6 bats
  7 giant cockroaches
  7 hobgoblins
  2 jackals (D:2)
  4 kobolds
  2 giant newts
  2 goblins
  3 rats
42 creatures vanquished.

Notes
Turn   | Place    | Note
--------------------------------------------------------------
     0 | D:1      | dohliylev the Gargoyle Venom Mage began the quest for the Orb.
     0 | D:1      | Reached XP level 1. HP: 10/10 MP: 3/3
   135 | D:1      | Reached XP level 2. HP: 15/15 MP: 3/5
   327 | D:1      | Found a sparkling altar of Nemelex Xobeh.
   553 | D:2      | Found an opulent altar of Gozag.
   554 | D:2      | Found a bloodstained altar of Trog.
   555 | D:2      | Found an iron altar of Okawaru.
   555 | D:2      | Found a white marble altar of Elyvilon.
   651 | D:2      | Reached XP level 3. HP: 19/19 MP: 3/6
  1079 | D:2      | Found a faded altar to an unknown god.
  1421 | D:2      | Learned a level 3 spell: Mephitic Cloud
  1423 | D:3      | Found a shimmering altar of Xom.
  1673 | D:3      | Reached XP level 4. HP: 16/24 MP: 0/8
  1866 | D:3      | Reached skill level 5 in Poison Magic
  2001 | D:3      | Noticed Grinder
  2005 | D:3      | Paralysed by Grinder for 7 turns
  2010 | D:3      | Killed from afar by Grinder

Vault maps used:
D:1:      scummos_arrival_gate, nemelex_diamond_rough_becter
D:2:      grunt_temple_overflow_open, ecumenical_altar_1
D:3:      minmay_misc_feat_tower, xom_teletrap_fun, uniq_grinder

Skill      XL: |  1  2  3  4 |
---------------+-------------+-----
Spellcasting   | 3 |  3.1
Poison Magic   | 5 |  5.0
Fighting       | |  0.2
Dodging        | |  1.5
Stealth        | |  2.1
Conjurations   | |  0.9

Action                   |  1- 3 |  4- 6 || total
-------------------------+-------+-------++-------
Melee: Unarmed           |     5 |       ||     5
       Club              |    11 |    22 ||    33
 Cast: Sting             |    78 |     7 ||    85
       Mephitic Cloud    |     2 |       ||     2
 Stab: Sleeping          |     1 |       ||     1
  Eat: Chunk             |     3 |     2 ||     5
